 Dungeon Crawl Stone Soup version 0.20.0-7-g3b7b877 (webtiles) character file.

782678 4thArraOfDagon the Sensei (level 27, 0/193 HPs)
             Began as a Vine Stalker Earth Elementalist on May 28, 2017.
             Was the Champion of Makhleb.
             Slain by an Executioner (5 damage)
             ... summoned by Gloorx Vloq
             ... in Pandemonium on May 29, 2017.
             The game lasted 04:38:53 (31620 turns).

4thArraOfDagon the Sensei (VSEE)                   Turns: 31620, Time: 04:38:54

Health: 0/193      AC: 31    Str: 21    XL:     27
Magic:  0/37       EV: 22    Int: 24    God:    Makhleb [******]
Gold:   1297       SH: 17    Dex: 14    Spells: 9/44 levels left

rFire    . . .     SeeInvis +     - Unarmed
rCold    + + +     Gourm    .   O - +4 shield {rC+}
rNeg     + + +     Faith    .   (armour currently unavailable)
rPois    ∞         Spirit   +   l - +2 hat of Incorporation {rC+ MR++ Dex-4}
rElec    +         Reflect  .   M - +1 cloak of Heresy {*Drain rC+ rCorr}
rCorr    +         Harm     .   (gloves currently unavailable)
MR       +++++                  (boots currently unavailable)
Stlth    +++++++...             T - amulet of Henotheism {+Rage rN++ Str+7 Dex+4}
Regen    1.3/turn               Q - ring of see invisible
MPRegen  0.3/turn               E - +4 ring of slaying

@: about to teleport, statue-form, very slow
A: fangs 3, hooves 1, blurry vision 1, clumsy 1, mutation resistance 1,
regeneration 2, magic shield, antimagic bite, no potion heal 3, rot immunity
}: 9/15 runes: decaying, serpentine, slimy, silver, golden, abyssal, demonic,
glowing, magical
a: End Transformation, Minor Destruction, Lesser Servant of Makhleb, Major
Destruction, Greater Servant of Makhleb, Renounce Religion, Evoke Berserk Rage


You were in Pandemonium.
You worshipped Makhleb.
Makhleb was exalted by your worship.
You were full.
You were a stone statue.
You visited 11 branches of the dungeon, and saw 54 of its levels.
You visited Pandemonium 4 times, and saw 24 of its levels.
You visited the Abyss 3 times.
You visited 1 ziggurat, and saw 8 of its levels.
You also visited: Ice Cave, Volcano and Wizlab.

You collected 3710 gold pieces.
You spent 2413 gold pieces at shops.

Inventory:

Armour
 e - the +1 leather armour "Jeelenag" (melded) {rF++ Int+4 Dex-2}
   (You found it in a volcano)

   It affects your intelligence (+4).
   It affects your dexterity (-2).
   It greatly protects you from fire.
 l - the +2 hat of Incorporation (worn) {rC+ MR++ Dex-4}
   (You found it on level 5 of the Pits of Slime)

   It affects your dexterity (-4).
   It protects you from cold.
   It affects your resistance to hostile enchantments.
 G - the +2 pair of gloves "Buifiax" (melded) {*Slow rF+++ Int+6}
   (You found it on level 12 of the Dungeon)

   It affects your intelligence (+6).
   It renders you almost immune to fire.
   It may slow you when you take damage.
 M - the +1 cloak of Heresy (worn) {*Drain rC+ rCorr}
   (You found it on level 1 of a ziggurat)

   It protects you from cold.
   It protects you from acid and corrosion.
   It causes draining when unequipped.
 O - a +4 shield of cold resistance (worn)
 X - a +2 pair of boots of stealth (melded)
Magical Staves
 z - an uncursed staff of energy {!a}
Jewellery
 n - the ring of Twilight {rN+ Dex+6}
   (You took it off a deep elf mage on level 3 of the Elven Halls)

   [ring of positive energy]

   It affects your dexterity (+6).
   It protects you from negative energy.
 E - a +4 ring of slaying (right hand)
 K - an uncursed ring of flight
 Q - a ring of see invisible (left hand)
 R - the ring of the Evening {Fire Int+7}
   (You took it off a deep elf mage on level 3 of the Elven Halls)

   [ring of fire]

   It enhances your fire magic.
   It affects your intelligence (+7).
   It protects you from fire.
   It makes you vulnerable to cold.
 T - the amulet of Henotheism (around neck) {+Rage rN++ Str+7 Dex+4}
   (You bought it in a shop on level 2 of the Snake Pit)

   [amulet of rage]

   It affects your strength (+7).
   It affects your dexterity (+4).
   It greatly protects you from negative energy.
   It lets you go berserk.
Wands
 b - a wand of digging (8/24)
 q - a wand of iceblast (11/15)
 t - a wand of clouds (4/9)
 H - a wand of confusion (28/48)
 P - a wand of polymorph (16/24)
 Z - a wand of paralysis (19/24)
Scrolls
 d - a scroll of magic mapping
 f - 10 scrolls of remove curse
 j - 6 scrolls of teleportation
 s - 4 scrolls of holy word
 u - 7 scrolls of fog
 x - a scroll of summoning
 y - 5 scrolls of recharging
 J - 4 scrolls of fear
 N - 3 scrolls of identify
Potions
 a - 22 potions of curing
 c - 4 potions of cancellation
 g - 10 potions of agility
 h - 3 potions of invisibility
 m - 4 potions of haste
 o - 5 potions of brilliance
 v - 3 potions of flight
 A - 8 potions of mutation
 D - 5 potions of might
 I - 2 potions of resistance
 L - 3 potions of magic
 V - 13 potions of berserk rage
 Y - 3 potions of ambrosia
Miscellaneous
 i - a fan of gales
 w - 5 phantom mirrors
 B - a lightning rod (4/4)
 F - a phial of floods
 S - 3 boxes of beasts
 U - 2 sacks of spiders
Comestibles
 k - 30 bread rations
 p - 11 meat rations


   Skills:
 + Level 16.7 Fighting
 - Level 9.3 Armour
 - Level 15.0 Dodging
 - Level 21.0 Stealth
 - Level 14.0 Shields
 - Level 23.1 Unarmed Combat
 - Level 9.1 Spellcasting
 - Level 7.8 Hexes
 - Level 3.8 Translocations
 - Level 10.0 Transmutations
 - Level 8.1 Air Magic
 - Level 11.1 Earth Magic
 + Level 19.7 Invocations
 - Level 8.1 Evocations


You had 9 spell levels left.
You knew the following spells:

 Your Spells              Type           Power        Failure   Level  Hunger
a - Sandblast             Erth           ######       1%          1    None
b - Lee's Rapid Deconstr  Erth           ######....   1%          5    ####...
c - Passwall              Tmut/Erth      ######....   1%          2    None
d - Silence               Hex/Air        #####.....   7%          5    ####...
e - Statue Form           Tmut/Erth      ######...    12%         6    ######.
f - Apportation           Tloc           ####..       1%          1    None
g - Passage of Golubria   Tloc           N/A          13%         4    ##.....
h - Swiftness             Chrm/Air       ####....     1%          2    None
i - Regeneration          Chrm/Necr      ##........   19%         3    None
j - Deflect Missiles      Chrm/Air       ####......   88%         6    ######.


Dungeon Overview and Level Annotations

Branches:
Dungeon (15/15)            Temple (0/1) D:7            Lair (6/6) D:9
  Swamp (4/4) Lair:3        Snake (4/4) Lair:4        Slime (5/5) Lair:6
    Orc (2/2) D:11            Elf (3/3) Orc:2        Vaults (5/5) D:13
  Crypt (3/3) Vaults:3       Tomb (3/3) Crypt:3      Depths (4/5) D:15

Altars:
Fedhas
Gozag
Kikubaaqudgha
Makhleb
Nemelex Xobeh
Qazlal
Ru
Sif Muna
Vehumet
Yredelemnul
Jiyva
Lugonu

Shops:
D:14 }!   Orc:2 }!((   Elf:2 :   Snake:2 [=(   Snake:4 [

Portals:
Hell: Depths:2 Depths:3
Abyss: Depths:2
Pandemonium: Depths:3

Annotations:
D:8 Erica
D:14 Louise
Elf:2 3 runed doors
Tomb:3 Khufu
Pan Gloorx Vloq


Innate Abilities, Weirdness & Mutations

You have razor-sharp teeth.
You heal very quickly.
When hurt, damage is shared between your health and your magic reserves.
Your bite disrupts and absorbs the magic of your enemies.
Potions cannot restore your health.
You are immune to rotting.
You have large cloven feet.
((You are partially covered in molten scales. (AC +2)))
Scrolls take you a little longer to read.
You are clumsy. (Dex -2)
You are somewhat resistant to further mutation.


Message History

* * * LOW HITPOINT WARNING * * *
You block the Executioner's attack.
The Executioner hits you but does no damage.
The Executioner hits you!
* * * LOW HITPOINT WARNING * * *
The Executioner completely misses you. The Executioner misses you.
The Executioner hits you but does no damage.
The Executioner completely misses you. You block the Executioner's attack.
The Executioner barely misses you.
The Executioner hits you but does no damage.
The Executioner closely misses you. You block the Executioner's attack.
The Executioner barely misses you.
The Executioner hits you but does no damage.
Gloorx Vloq barely misses you. You block the Executioner's attack.
The Executioner closely misses you.
The Executioner hits you but does no damage.
The Executioner completely misses you. The Executioner closely misses you.
The Executioner hits you but does no damage.
The Executioner hits you!
You die...

#...# #..##
##..# #...#
. #..## &#
##..# .#
#...# .#
#11## .#
#18###.#.#.#
#11&13.3....
#.1Z....3...
#..'.....1..
#..###.#.#.#
#..# #.#.#.
#... #.#.#
##.. #.#. #.
#.


You could see Gloorx Vloq, 8 Executioners, 3 soul eaters and an alligator
skeleton.

Vanquished Creatures
  the Royal Jelly (Slime:5)
  Mnoleg (Pan)
  A seraph (Pan)
  Lom Lobon (Pan)
  2 juggernauts (Depths:3)
  2 ancient liches
  3 greater mummies
  Frederick (Vaults:4)
  Saint Roka (Vaults:4)
  A shard shrike (Zig:4)
  Xtahua (Vaults:4)
  3 Killer Klowns
  5 caustic shrikes (Depths:3)
  2 golden dragons
  Nikola (Swamp:1)
  8 pandemonium lords
  A bone dragon (Crypt:3)
  Jorgrun (Elf:3)
  6 liches
  A Tzitzimitl (Pan)
  An iron giant (Zig:6)
  3 Brimstone Fiends (Pan)
  7 tentacled monstrosities
  5 Hell Sentinels
  3 Ice Fiends
  9 titans
  2 deep elf master archers (Elf:3)
  A quicksilver dragon (Vaults:5)
  An ancient champion (Crypt:1)
  A quicksilver dragon (shapeshifter) (Vaults:5)
  9 Executioners (Pan)
  A thorn hunter (Swamp:3)
  3 tentacled starspawn (Abyss:4)
  11 acid blobs
  7 sphinxes
  6 warmongers (Pan)
  5 shadow dragons (Vaults:5)
  6 nagarajas
  4 storm dragons
  Donald (Elf:3)
  6 tengu reavers
  3 revenants
  A frost giant (shapeshifter) (Zig:5)
  8 azure jellies
  10 frost giants
  4 fire giants
  5 deep elf sorcerers
  2 iron dragons
  Aizul (Snake:2)
  An orc warlord (Orc:2)
  A corrupter (Pan)
  6 balrugs (Pan)
  13 angels (Pan)
  3 curse skulls
  10 vault wardens
  17 reapers
  6 cacodemons
  4 deep elf elementalists
  9 ironheart preservers
  3 draconian annihilators (Pan)
  2 ghouls
  19 very ugly things
  An entropy weaver (Vaults:4)
  9 ophanim (Pan)
  5 war gargoyles
  2 bennus (Tomb:2)
  14 stone giants
  3 blood saints
  7 vampire knights
  4 deep elf demonologists
  5 apis (Pan)
  3 spark wasps (Depths:3)
  5 black suns (Pan)
  9 purple draconians (WizLab)
  6 lorocyprocas (Pan)
  13 deep elf annihilators
  7 blizzard demons (Pan)
  A merfolk javelineer (Abyss:4)
  10 ettins
  An eidolon (Crypt:1)
  13 mummy priests
  3 crystal guardians (Crypt:3)
  13 green deaths
  2 statues (WizLab)
  The ghost of George the Carver, a journeyman DsGl of Makhleb (IceCv)
  15 death oozes
  12 jiangshi
  8 yaktaur captains
  9 deep elf high priests
  9 deep elf death magi
  4 fire dragons
  12 naga warriors
  4 rakshasas
  6 great orbs of eyes
  6 ice dragons
  12 hydras
  2 anacondas (Snake:4)
  3 hell beasts
  27 vault guards
  5 ogre magi
  15 centaur warriors
  6 monstrous demonspawn (Pan)
  3 spriggan air magi
  2 satyrs (Abyss:4)
  6 death knights
  A ghost crab (Swamp:4)
  19 two-headed ogres
  6 deep troll shamans
  19 dancing weapons
  6 alligators
  25 death scarabs
  5 vampire magi
  8 shock serpents
  5 deep troll earth magi
  7 orc high priests
  8 tengu warriors
  15 large abominations
  5 thrashing horrors
  4 spriggan berserkers
  8 naga sharpshooters
  6 small abominations
  20 soul eaters
  13 sun demons (Pan)
  15 deep elf knights
  A titan zombie (Crypt:3)
  5 shadow wraiths
  A fire crab (shapeshifter) (Depths:3)
  13 hell knights
  2 wretched stars
  9 sixfirhies
  A salamander mystic (Snake:4)
  4 iron trolls
  5 unseen horrors
  18 skeletal warriors
  7 sea snakes (Snake:4)
  17 deep trolls
  2 torturous demonspawn (Pan)
  9 naga ritualists
  8 cherubim (Pan)
  9 wizards
  9 deep elf archers
  10 swamp dragons
  A swamp dragon (shapeshifter) (Vaults:5)
  An anaconda zombie (Tomb:2)
  2 shadow demons (Pan)
  4 harpies (Vaults:3)
  An anaconda skeleton (Crypt:3)
  4 gelid demonspawn (Pan)
  3 infernal demonspawn (Pan)
  7 ironbrand convokers
  5 flayed ghosts
  A golden dragon skeleton (Crypt:1)
  11 necromancers
  A shambling mangrove (Swamp:2)
  9 orc knights
  A shadow dragon zombie (Depths:3)
  A harpy (shapeshifter) (Abyss:4)
  4 phantasmal warriors
  3 wolf spiders
  A lindwurm (Lair:4)
  4 mana vipers
  A frost giant zombie (Vaults:5)
  4 orc sorcerers (Orc:2)
  3 oklob plants (Zig:7)
  44 ugly things
  58 deep elf magi
  A wolf spider zombie (D:14)
  A worldbinder (Abyss:2)
  4 shining eyes
  A salamander (Snake:3)
  4 elephants (Lair:6)
  5 cyclopes
  3 manticores
  An iron dragon skeleton (Crypt:1)
  A cyclops (shapeshifter) (Elf:3)
  A moth of wrath (shapeshifter) (Zig:7)
  26 black mambas
  5 rust devils
  4 toenail golems (Volcano)
  An ice statue (IceCv)
  4 guardian serpents
  A spriggan zombie (Depths:3)
  22 naga magi
  2 apocalypse crabs
  8 vault sentinels
  6 centaur skeletons
  17 spiny frogs
  An eye of devastation (Slime:4)
  8 orange demons
  16 smoke demons (Pan)
  An elf zombie (Depths:3)
  A white draconian zombie (Crypt:1)
  A rime drake (Lair:3)
  19 yaktaurs
  4 ice devils
  10 freezing wraiths
  9 komodo dragons
  4 tormentors
  6 hellwings
  3 efreet
  4 hellions
  2 demonic crawlers (Pan)
  13 guardian mummies
  4 tengu conjurers (Depths:3)
  An ancient zyme (Abyss:2)
  5 red devils (Pan)
  A death drake zombie (Crypt:1)
  A meliai (D:13)
  A tyrant leech (shapeshifter) (Vaults:5)
  A harpy skeleton (Crypt:1)
  6 tyrant leeches
  A shadow dragon simulacrum (Vaults:5)
  24 polar bears
  86 slime creatures
  11 trolls
  Grinder (D:3)
  A hydra skeleton (Crypt:3)
  6 hornets
  A death drake skeleton (Crypt:1)
  4 dream sheep (Lair:6)
  6 hippogriffs
  17 blink frogs
  6 raiju
  A dream sheep (shapeshifter) (Vaults:5)
  7 bog bodies
  5 air elementals
  A water elemental (Elf:1)
  28 flying skulls
  8 ushabtiu
  6 wraiths
  2 vampires
  A yak (shapeshifter) (Vaults:5)
  40 yaks
  7 shadows
  4 spriggans
  15 ynoxinuls (Pan)
  6 wyverns
  16 chaos spawn
  3 golden eyes (Slime:2)
  5 basilisks
  12 humans (D:13)
  23 neqoxecs
  2 hungry ghosts
  A wind drake skeleton (Crypt:2)
  2 human simulacra
  17 vampire mosquitoes
  13 swamp worms
  9 wargs
  A soldier ant (D:12)
  An acid dragon (D:14)
  9 insubstantial wisps (Swamp:4)
  42 nagas
  11 hell hounds
  3 floating eyes
  4 porcupines
  14 water moccasins
  14 black bears
  A phantom (D:13)
  41 orc warriors
  3 sky beasts
  8 swamp drakes
  4 ice beasts
  7 eyes of draining
  23 wolves
  24 ogres
  2 necrophages (Crypt:3)
  3 boggarts (Depths:3)
  5 centaurs
  A torpor snail zombie (Crypt:1)
  10 crocodiles
  4 big kobolds
  17 bullfrogs
  Blork the orc (D:5)
  An earth elemental (Elf:1)
  A hippogriff skeleton (Crypt:2)
  An elf skeleton (Crypt:1)
  2 scorpions (D:13)
  The ghost of manyhoops the Chucker, a weakling OgHu (D:3)
  A wyvern skeleton (D:7)
  3 electric eels
  9 wights
  2 howler monkeys
  2 crimson imps
  5 centaur zombies
  3 hounds
  A quasit (D:5)
  3 bullfrog zombies
  12 orc priests
  2 human zombies (Crypt:1)
  4 bullfrog skeletons
  4 gnoll shamans (D:10)
  2 iron imps
  2 iguanas
  26 orc wizards
  12 worker ants
  A hound skeleton (D:4)
  13 mummies
  13 gnolls
  A howler monkey skeleton (D:11)
  9 adders
  7 shadow imps
  An ooze (D:3)
  2 adder skeletons (D:4)
  An adder zombie (D:7)
  A halfling skeleton (Crypt:2)
  A worm (D:2)
  7 dart slugs
  3 leopard geckos
  81 orcs
  A ball python (D:1)
  3 giant cockroaches
  14 goblins
  7 hobgoblins
  8 jackals
  15 kobolds
  6 quokkas
  3 bats
  2 frilled lizards
  A gnoll skeleton (Crypt:2)
  A quokka skeleton (D:7)
  3 rats
  A river rat skeleton (Crypt:2)
  6 crawling corpses
  2 fungi
  A lurking horror (Abyss:4)
  4 plants
2274 creatures vanquished.

Vanquished Creatures (collateral kills)
  Bai Suzhen (Elf:3)
  A pandemonium lord (Pan)
  2 deep elf blademasters (Elf:3)
  2 deep elf sorcerers (Elf:3)
  A cacodemon (Pan)
  2 deep elf elementalists (Elf:3)
  An ophan (Pan)
  2 deep elf demonologists (Elf:3)
  3 deep elf death magi
  A statue (WizLab)
  Josephine (D:10)
  A great orb of eyes (D:12)
  A hell beast (Zig:8)
  2 vault guards (D:13)
  A hydra (D:13)
  A tengu warrior (D:13)
  2 two-headed ogres
  Urug (D:10)
  A deep elf knight (Elf:3)
  2 skeletal warriors (Crypt:3)
  An orc knight (Orc:2)
  3 wizards
  An anaconda skeleton (Crypt:3)
  2 shining eyes (Slime:5)
  2 deep elf magi
  An ugly thing (D:13)
  A centaur zombie (D:13)
  A toenail golem (Volcano)
  A tengu conjurer (D:13)
  A yaktaur (D:13)
  A polar bear (IceCv)
  A troll (D:11)
  A red devil (Pan)
  A jumping spider (shapeshifter) (D:13)
  4 slime creatures
  A hippogriff (D:13)
  A wraith (D:13)
  A wyvern (D:12)
  An air elemental (Elf:3)
  A vampire mosquito (Swamp:3)
  4 humans (D:13)
  An orc warrior (Orc:2)
  2 ice beasts
  2 eyes of draining
  An ogre (Vaults:4)
  A centaur (D:13)
  A scorpion (D:13)
  A wight (Crypt:1)
  An orc wizard (Vaults:4)
  A leopard gecko (D:11)
  5 orcs
  2 jackals (D:11)
  A crawling corpse (Elf:3)
79 creatures vanquished.

Vanquished Creatures (others)
  An eldritch tentacle (Pan)
  A corrupter (Zig:8)
  An eidolon (Vaults:3)
  A two-headed ogre (Depths:1)
  6 death scarabs
  A sixfirhy (Pan)
  A deep elf mage (Elf:3)
  An ancient zyme (Abyss:4)
  3 flying skulls (Tomb:3)
  2 ogres
  11 ball lightnings (Pan)
  6 fungi
  16 plants
  7 starspawn tentacles (Abyss:4)
58 creatures vanquished.

Grand Total: 2411 creatures vanquished

Notes
Turn   | Place    | Note
-------+----------+-------------------------------------------
     0 | D:1      | 4thArraOfDagon the Vine Stalker Earth Elementalist began the quest for the Orb.
     0 | D:1      | Reached XP level 1. HP: 9/9 MP: 4/4
   127 | D:1      | Reached XP level 2. HP: 13/13 MP: 1/6
   144 | D:1      | Reached skill level 1 in Unarmed Combat
   252 | D:2      | Found a blossoming altar of Fedhas.
   255 | D:2      | Found a stormy altar of Qazlal.
   364 | D:2      | Reached XP level 3. HP: 14/16 MP: 3/7
   455 | D:3      | Found a basalt altar of Yredelemnul.
   459 | D:3      | Noticed Grinder
   599 | D:3      | Found a faded altar of an unknown god.
   671 | D:3      | Reached skill level 2 in Unarmed Combat
   671 | D:3      | Gained mutation: Your natural rate of healing is unusually fast. [Vine Stalker growth]
   671 | D:3      | Reached XP level 4. HP: 16/21 MP: 4/8
   718 | D:3      | Found a burning altar of Makhleb.
   729 | D:3      | Noticed manyhoops's ghost (weakling OgHu)
   733 | D:3      | Became a worshipper of Makhleb the Destroyer
   743 | D:3      | Found a deep blue altar of Sif Muna.
   745 | D:3      | Noticed a black bear
   747 | D:3      | Found a transporter.
   755 | D:3      | Found a transporter.
   797 | D:4      | Noticed a bullfrog
   801 | D:4      | Killed a bullfrog
   801 | D:4      | Reached XP level 5. HP: 19/24 MP: 4/9
   845 | D:5      | Entered Level 5 of the Dungeon
   862 | D:5      | Reached skill level 5 in Earth Magic
   955 | D:6      | Reached XP level 6. HP: 22/28 MP: 4/10
  1041 | D:7      | Found a staircase to the Ecumenical Temple.
  1066 | D:7      | Noticed an orc warrior
  1113 | D:7      | Learned a level 5 spell: Lee's Rapid Deconstruction
  1116 | D:7      | Learned a level 2 spell: Passwall
  1211 | D:6      | Noticed a sky beast
  1243 | D:6      | Killed a sky beast
  1243 | D:6      | Reached XP level 7. HP: 31/32 MP: 9/11
  1378 | D:4      | Reached * piety under Makhleb
  2101 | D:2      | Reached ** piety under Makhleb
  2255 | D:3      | Killed Grinder
  2255 | D:3      | Reached skill level 1 in Fighting
  2255 | D:3      | Reached skill level 3 in Unarmed Combat
  2255 | D:3      | Reached skill level 1 in Invocations
  2255 | D:3      | Gained mutation: You have razor-sharp teeth. [Vine Stalker growth]
  2255 | D:3      | Reached XP level 8. HP: 25/37 MP: 4/12
  2342 | D:3      | Killed manyhoops's ghost
  2464 | D:4      | Reached skill level 4 in Unarmed Combat
  2545 | D:5      | Identified a scroll of acquirement
  2586 | D:5      | Noticed Blork the orc
  2597 | D:5      | Killed Blork the orc
  2908 | D:7      | Reached skill level 1 in Shields
  3020 | D:8      | Reached skill level 5 in Unarmed Combat
  3095 | D:8      | Reached XP level 9. HP: 43/43 MP: 10/13
  3101 | D:8      | Gained mutation: You tend to lose your temper in combat. [mutagenic meat]
  3102 | D:8      | Gained mutation: You are robust. (+10% HP) [mutagenic meat]
  3103 | D:8      | Gained mutation: You are partially covered in molten scales. (AC +2) [mutagenic meat]
  3104 | D:8      | Lost mutation: You tend to lose your temper in combat. [mutagenic meat]
  3105 | D:8      | Gained mutation: You have large cloven feet. [mutagenic meat]
  3112 | D:8      | Gained mutation: You are somewhat resistant to further mutation. [mutagenic meat]
  3132 | D:8      | Noticed a two-headed ogre
  3153 | D:8      | Killed a two-headed ogre
  3269 | D:8      | Reached skill level 6 in Unarmed Combat
  3274 | D:8      | Noticed Erica
  3306 | D:8      | Reached skill level 5 in Dodging
  3409 | D:7      | Reached *** piety under Makhleb
  3879 | D:8      | Noticed a two-headed ogre
  3894 | D:8      | Killed a two-headed ogre
  3894 | D:8      | Reached skill level 7 in Unarmed Combat
  3894 | D:8      | Reached XP level 10. HP: 33/56 MP: 0/14
  4058 | D:8      | Reached skill level 8 in Unarmed Combat
  4058 | D:8      | Reached skill level 5 in Invocations
  4120 | D:8      | Reached skill level 5 in Fighting
  4148 | D:8      | Got a bloodstained trident
  4153 | D:8      | Identified the cursed +1 trident "Ibaov" {speed, Int+2} (You found it on level 8 of the Dungeon)
  4210 | D:9      | Found a sacrificial altar of Ru.
  4210 | D:9      | Found an opulent altar of Gozag.
  4333 | D:10     | Entered Level 10 of the Dungeon
  4441 | D:10     | Reached skill level 9 in Unarmed Combat
  4635 | D:10     | Noticed Urug
  4669 | D:10     | Killed Urug
  4746 | D:11     | Found a staircase to the Orcish Mines.
  4746 | D:11     | Found a sparkling altar of Nemelex Xobeh.
  4775 | D:11     | Noticed Josephine
  4790 | D:10     | Killed Josephine
  4790 | D:10     | Reached skill level 10 in Unarmed Combat
  4790 | D:10     | Reached XP level 11. HP: 48/60 MP: 16/18
  4821 | D:11     | Noticed a two-headed ogre
  4882 | D:10     | Killed an unseen horror
  5096 | D:10     | Reached **** piety under Makhleb
  5103 | D:10     | Reached skill level 11 in Unarmed Combat
  5586 | D:11     | Noticed a deep elf mage
  5607 | D:11     | Killed a deep elf mage
  5640 | D:11     | Learned a level 5 spell: Silence
  5677 | D:11     | Killed a two-headed ogre
  5677 | D:11     | Reached skill level 12 in Unarmed Combat
  5726 | D:11     | Killed an unseen horror
  5930 | D:14     | Noticed Louise
  5967 | D:15     | Entered Level 15 of the Dungeon
  6000 | D:15     | Noticed a centaur warrior
  6007 | D:15     | Noticed a deep troll
  6120 | D:15     | Noticed an ogre mage
  6134 | D:15     | Reached skill level 13 in Unarmed Combat
  6238 | D:15     | Noticed a tengu warrior
  6262 | D:14     | Killed a tengu warrior
  6262 | D:14     | Gained mutation: You heal very quickly. [Vine Stalker growth]
  6262 | D:14     | Reached XP level 12. HP: 62/66 MP: 17/19
  6300 | D:14     | Reached ***** piety under Makhleb
  6414 | D:14     | Reached skill level 14 in Unarmed Combat
  6536 | D:14     | Noticed a two-headed ogre
  6550 | D:14     | Killed a two-headed ogre
  6559 | D:14     | Found Xuth's Quality Used Wands.
  6681 | D:14     | Found Zammajak's Distillery.
  6689 | D:14     | Bought a potion of cancellation for 96 gold pieces
  6689 | D:14     | Bought a potion of haste for 120 gold pieces
  6689 | D:14     | Bought a potion of haste for 120 gold pieces
  6704 | D:14     | Noticed a centaur warrior
  6710 | D:14     | Killed a centaur warrior
  6792 | D:13     | Noticed a tengu warrior
  6808 | D:13     | Killed a tengu warrior
  6846 | D:13     | Noticed a two-headed ogre
  6854 | D:13     | Killed a two-headed ogre
  6879 | D:13     | Noticed a centaur warrior
  6886 | D:13     | Reached skill level 15 in Unarmed Combat
  6895 | D:13     | Killed a centaur warrior
  6947 | D:13     | Noticed a centaur warrior
  6964 | D:13     | Killed a centaur warrior
  7025 | D:13     | Got a warped morningstar {antimagic}
  7044 | D:13     | Noticed a death knight
  7049 | D:13     | Reached skill level 16 in Unarmed Combat
  7051 | D:13     | Reached XP level 13. HP: 30/69 MP: 9/20
  7358 | D:13     | Reached skill level 17 in Unarmed Combat
  7440 | D:13     | Noticed a vault guard
  7445 | D:13     | Noticed a vault guard
  7452 | D:13     | Noticed a vault guard
  7467 | D:13     | Killed a vault guard
  7480 | D:13     | Killed a vault guard
  7519 | D:13     | Killed a vault guard
  7807 | D:13     | Noticed a vault guard
  7823 | D:13     | Killed a vault guard
  7883 | D:13     | Found a gate to the Vaults.
  8099 | D:12     | Got a pair of pitted gloves
  8110 | D:12     | Identified the +2 pair of gloves "Buifiax" {*Slow rF+++ Int+6} (You found it on level 12 of the Dungeon)
  8184 | D:12     | Reached XP level 14. HP: 74/74 MP: 21/21
  8261 | D:12     | Reached skill level 18 in Unarmed Combat
  8891 | Orc:1    | Entered Level 1 of the Orcish Mines
  9026 | Orc:2    | Entered Level 2 of the Orcish Mines
  9268 | Orc:2    | Found a dark tunnel.
  9273 | Volcano  | Entered a volcano
  9437 | Volcano  | Got a fine leather armour
  9539 | Orc:2    | Identified the +1 leather armour "Jeelenag" {rF++ Int+4 Dex-2} (You found it in a volcano)
  9707 | Orc:2    | Found a staircase to the Elven Halls.
 10086 | Orc:2    | Reached skill level 19 in Unarmed Combat
 10115 | Orc:2    | Found Efuybuuj's Antique Weapon Boutique.
 10115 | Orc:2    | Found Qihie's Weapon Shoppe.
 10117 | Orc:2    | Found Zexuner's Distillery.
 10117 | Orc:2    | Found Atsemuz's Gadget Shoppe.
 10131 | Orc:2    | Bought a potion of curing for 39 gold pieces
 10131 | Orc:2    | Bought a potion of berserk rage for 65 gold pieces
 10131 | Orc:2    | Bought a potion of brilliance for 52 gold pieces
 10131 | Orc:2    | Bought a potion of might for 52 gold pieces
 10131 | Orc:2    | Bought a potion of mutation for 104 gold pieces
 10131 | Orc:2    | Bought a potion of mutation for 104 gold pieces
 10131 | Orc:2    | Bought 2 potions of curing for 78 gold pieces
 10131 | Orc:2    | Bought a potion of agility for 52 gold pieces
 10317 | Orc:1    | Reached ****** piety under Makhleb
 10355 | Orc:2    | Noticed an orc warlord
 10385 | Orc:2    | Noticed a cacodemon
 10490 | D:9      | Found a staircase to the Lair.
 10531 | D:9      | Reached XP level 15. HP: 82/82 MP: 22/22
 10581 | Lair:1   | Entered Level 1 of the Lair of Beasts
 11098 | Lair:2   | 4thArraOfDagon: hi
 11168 | Lair:2   | :(
 11380 | Lair:2   | Found a radiant altar of Vehumet.
 11419 | Lair:3   | Found a staircase to the Swamp.
 11736 | Lair:5   | Found a frozen archway.
 11749 | IceCv    | Entered an ice cave
 11950 | IceCv    | Noticed a frost giant
 11988 | IceCv    | Killed a frost giant
 12097 | IceCv    | Noticed George's ghost (journeyman DsGl)
 12113 | IceCv    | Killed George's ghost
 12290 | Lair:4   | Found a staircase to the Snake Pit.
 12362 | Lair:6   | Entered Level 6 of the Lair of Beasts
 12482 | Lair:6   | 4thArraOfDagon: stop
 12629 | Lair:6   | Reached skill level 10 in Dodging
 12646 | Lair:6   | 4thArraOfDagon: stop
 12885 | Lair:6   | 4thArraOfDagon: so much lag
 12970 | Lair:6   | Reached XP level 16. HP: 92/92 MP: 23/23
 13188 | Lair:6   | Found a runed door.
 13188 | Lair:6   | Found a viscous altar of Jiyva.
 13188 | Lair:6   | Found a staircase to the Slime Pits.
 13188 | Lair:6   | Noticed an acid blob
 13188 | Lair:6   | Noticed an acid blob
 13437 | Lair:4   | Reached skill level 10 in Fighting
 13989 | Elf:1    | Entered Level 1 of the Elven Halls
 14018 | Elf:1    | Reached skill level 1 in Armour
 14211 | Elf:1    | Got a jade-encrusted ring mail
 14222 | Elf:1    | Identified the +4 ring mail "Nosean" {rN+ Regen+ Dex-5 SInv} (You found it on level 1 of the Elven Halls)
 14550 | Elf:1    | Reached skill level 5 in Armour
 14861 | Elf:2    | Got a jewelled large shield
 14942 | Elf:2    | Identified the +0 large shield of Pandemonium {Int+3} (You acquired it on level 2 of the Elven Halls)
 14973 | Elf:3    | Entered Level 3 of the Elven Halls
 15104 | Elf:3    | Noticed Donald
 15169 | Elf:3    | Killed Donald
 15247 | Elf:3    | Found a magical portal.
 15250 | WizLab   | Entered Iskenderun's Mystic Tower
 15485 | WizLab   | Reached XP level 17. HP: 97/97 MP: 24/24
 15581 | WizLab   | Reached skill level 5 in Shields
 15843 | WizLab   | Identified Iskenderun's Papyrus of Conjuration
 15843 | WizLab   | Identified Iskenderun's Catalogue of Attacks
 16011 | Elf:2    | Found Xaublas's Book Boutique.
 16142 | Elf:2    | Identified the +0 morningstar of Impermanence {antimagic, MR+ Dex+4} (You took it off a wizard on level 13 of the Dungeon)
 16162 | Elf:2    | Found a runed gate.
 16162 | Elf:2    | Found a runed gate.
 16163 | Elf:2    | Found a runed gate.
 16589 | Elf:3    | Noticed Jorgrun
 16616 | Elf:3    | Killed Jorgrun
 16907 | Elf:3    | Noticed a deep elf blademaster
 16928 | Elf:3    | murphy: hi
 16928 | Elf:3    | 4thArraOfDagon: hi
 16928 | Elf:3    | murphy: how is it going?
 16936 | Elf:3    | Killed a deep elf blademaster
 16938 | Elf:3    | murphy: !charworth VsEE
 16938 | Elf:3    | beem: 152
 16938 | Elf:3    | 4thArraOfDagon: good?
 16938 | Elf:3    | Identified the quicksilver dragon scales of the True Pharaoh {*Corrode rPois MR+ MP+9 Stlth+} (You took it off a deep elf blademaster on level 3 of the Elven Halls)
 16948 | Elf:3    | murphy: just lost my game in pan
 16984 | Elf:3    | 4thArraOfDagon: combo/
 16984 | Elf:3    | 4thArraOfDagon: ?
 16997 | Elf:3    | murphy: GrMo
 17006 | Elf:3    | murphy: nothing special
 17019 | Elf:3    | 4thArraOfDagon: uhh
 17021 | Elf:3    | murphy: but i really struggled with this one
 17027 | Elf:3    | ReniFell: !charworth grmo
 17034 | Elf:3    | beem: 34
 17061 | Elf:3    | murphy: it would have been worth way more
 17089 | Elf:3    | murphy: i started it when no game were won
 17091 | Elf:3    | Noticed a deep elf master archer
 17109 | Elf:3    | Noticed Bai Suzhen
 17111 | Elf:3    | murphy: should have scored around 100
 17112 | Elf:3    | Killed a deep elf master archer
 17162 | Elf:3    | Noticed a deep elf blademaster
 17177 | Elf:3    | Reached skill level 10 in Shields
 17180 | Elf:3    | Killed a deep elf blademaster
 17233 | Elf:3    | Noticed a deep elf master archer
 17255 | Elf:3    | murphy: are u going for a banner or score?
 17261 | Elf:3    | Killed a deep elf master archer
 17261 | Elf:3    | Reached XP level 18. HP: 101/102 MP: 19/25
 17279 | Elf:3    | murphy: i tried to raise my score but now my streak is lost
 17297 | Elf:3    | murphy: maybe i should do some banners
 17297 | Elf:3    | 4thArraOfDagon: idk, ill try
 17317 | Elf:3    | murphy: huh?
 17347 | Elf:3    | Got a vibrating jade ring
 17362 | Elf:3    | Identified the ring of Twilight {rN+ Dex+6} (You took it off a deep elf mage on level 3 of the Elven Halls)
 17463 | Elf:3    | murphy: pedritolo are u watching?
 17541 | Elf:3    | Got a wavering lead ring
 17553 | Elf:3    | Noticed a Brimstone Fiend
 17559 | Elf:3    | Identified the ring of the Camelopard {rF+ MR- Str+6} (You took it off a deep elf death mage on level 3 of the Elven Halls)
 17614 | Elf:3    | Killed Bai Suzhen
 17621 | Elf:3    | Noticed a Brimstone Fiend
 17820 | Elf:3    | Got a sparkling lapis lazuli ring
 17834 | Elf:3    | Identified the ring of the Evening {Fire Int+7} (You took it off a deep elf mage on level 3 of the Elven Halls)
 17838 | Elf:3    | Got an encrusted plate armour
 17853 | Elf:3    | Identified the cursed +1 plate armour of the Curious Stars {Str+2} (You took it off a deep elf high priest on level 3 of the Elven Halls)
 17944 | Elf:3    | Identified the Handbook of Shifting Bewitchment
 17952 | Elf:3    | Learned a level 6 spell: Statue Form
 17965 | Elf:3    | Learned a level 1 spell: Apportation
 18027 | Elf:3    | Flooderbenga: i'm looking for some advice on my character: do i buy a manual or a ring of robustness(+8AC) for 2000 gold?
 18178 | Elf:1    | Found an ancient bone altar of Kikubaaqudgha.
 18241 | Orc:2    | ReniFell: what kinda manual
 18241 | Orc:2    | Flooderbenga: robustness ring would replace dex+4 ring
 18241 | Orc:2    | Flooderbenga: stealth
 18241 | Orc:2    | Flooderbenga: for spen
 18241 | Orc:2    | Flooderbenga: spriggan enchanter*
 18241 | Orc:2    | Flooderbenga: stealth is at 20 atm
 18241 | Orc:2    | Flooderbenga: ac/ev/sh:12/42/17
 18241 | Orc:2    | Flooderbenga: depths3, 3 runes collected
 18241 | Orc:2    | Flooderbenga: i'm leaning towards the ring
 18272 | Orc:2    | Flooderbenga: because my ac is dismal
 18466 | Swamp:1  | Entered Level 1 of the Swamp
 18520 | Swamp:1  | cut1less: Sp stealth apt is +5 already, so a manual is overkill; ring is better
 18524 | Swamp:1  | Got a shimmering chain mail
 18545 | Swamp:1  | Identified the +9 chain mail of Thoughtfulness {rC- SInv Stlth+} (You found it on level 1 of the Swamp)
 18584 | Swamp:1  | Flooderbenga: don't all manuals give basically the same amount of xp?
 18652 | Swamp:1  | Flooderbenga: i'm going to go with the ring anyways
 18652 | Swamp:1  | Flooderbenga: thx for the reply
 18708 | Swamp:1  | Paralysed by a hornet for 2 turns
 18750 | Swamp:1  | Noticed Nikola
 18784 | Swamp:1  | Killed Nikola
 19034 | Swamp:2  | Got a scorched quarterstaff
 19035 | Swamp:2  | Identified the +5 quarterstaff of the Bear {pain, Int+4 Dex+5} (You found it on level 2 of the Swamp)
 19117 | Swamp:2  | Reached skill level 5 in Spellcasting
 19231 | Swamp:2  | 4thArraOfDagon: my button is brokn
 19231 | Swamp:2  | 4thArraOfDagon: f...
 19231 | Swamp:2  | 4thArraOfDagon: brb
 19231 | Swamp:2  | 4thArraOfDagon: gotta rplac kyboar
 19292 | Swamp:4  | Entered Level 4 of the Swamp
 19458 | Swamp:4  | Reached skill level 5 in Transmutations
 19553 | Swamp:4  | Reached XP level 19. HP: 107/107 MP: 27/29
 19650 | Swamp:4  | Got a decaying rune of Zot
 19668 | Swamp:4  | Reached skill level 10 in Earth Magic
 20088 | Snake:1  | Entered Level 1 of the Snake Pit
 20175 | Snake:2  | Found Qivvialo's Armour Shoppe.
 20191 | Snake:2  | Noticed Aizul
 20208 | Snake:2  | Killed Aizul
 20386 | Snake:2  | Found Yhufrad's Antique Weapon Shoppe.
 20386 | Snake:2  | Found Waroax's Jewellery Emporium.
 20412 | Snake:2  | Bought the amulet of Henotheism {+Rage rN++ Str+7 Dex+4} for 1531 gold pieces
 20684 | Snake:4  | Entered Level 4 of the Snake Pit
 20955 | Snake:4  | Found a radiant altar of Vehumet.
 20984 | Snake:4  | Reached skill level 10 in Transmutations
 21002 | Snake:4  | Found Loca's Antique Armour Shoppe.
 21056 | Snake:4  | Reached XP level 20. HP: 112/112 MP: 33/33
 21236 | Snake:4  | Got a serpentine rune of Zot
 21454 | Slime:1  | Entered Level 1 of the Pits of Slime
 21616 | Slime:3  | Lost mutation: You are robust. (+10% HP) [a shining eye]
 21669 | Slime:5  | Entered Level 5 of the Pits of Slime
 21731 | Slime:5  | Upgraded the game from 0.20.0-6-gd3061e9 to 0.20.0-7-g3b7b877
 21853 | Slime:5  | Noticed the Royal Jelly
 21869 | Slime:5  | Killed the Royal Jelly
 21977 | Slime:5  | Got a bloodstained hat
 21997 | Slime:5  | Got a slimy rune of Zot
 22015 | Slime:5  | Identified the +2 hat of Incorporation {rC+ MR++ Dex-4} (You found it on level 5 of the Pits of Slime)
 22397 | Vaults:1 | Entered Level 1 of the Vaults
 22504 | Vaults:1 | Reached skill level 1 in Translocations
 22568 | Vaults:2 | Reached XP level 21. HP: 107/107 MP: 33/35
 22832 | Vaults:5 | Entered Level 5 of the Vaults
 22887 | Vaults:4 | Reached skill level 10 in Invocations
 22921 | Vaults:4 | Noticed Xtahua
 22935 | Vaults:4 | Killed Xtahua
 22945 | Vaults:4 | Noticed Saint Roka
 22957 | Vaults:4 | Killed Saint Roka
 22959 | Vaults:4 | Noticed Frederick
 22979 | Vaults:4 | Killed Frederick
 22979 | Vaults:4 | Reached skill level 20 in Unarmed Combat
 23028 | Vaults:5 | Noticed a golden dragon
 23041 | Vaults:5 | Killed a golden dragon
 23116 | Vaults:5 | Reached XP level 22. HP: 114/114 MP: 33/36
 23213 | Vaults:5 | Identified Sif Muna's Compendium of Toxic Dark Secrets
 23229 | Vaults:5 | Identified the Disquisition on Supportive Earth
 23248 | Vaults:5 | Reached skill level 1 in Hexes
 23251 | Vaults:5 | Reached skill level 1 in Air Magic
 23280 | Vaults:5 | Identified the Disquisition on Creative Attacks
 23579 | Vaults:5 | Got a silver rune of Zot
 23580 | Vaults:5 | Identified the Grimoire of the Ego
 23686 | Vaults:5 | Identified the ring "Teimull" {MR+ Str+5} (You took it off a deep elf mage on level 5 of the Vaults)
 23756 | Vaults:5 | Learned a level 4 spell: Passage of Golubria
 23759 | Vaults:5 | Learned a level 2 spell: Swiftness
 23819 | Vaults:4 | Reached skill level 5 in Air Magic
 23914 | Vaults:3 | Reached XP level 23. HP: 119/119 MP: 37/37
 23930 | Vaults:3 | Found a staircase to the Crypt.
 23936 | Vaults:3 | Reached skill level 5 in Hexes
 23945 | Crypt:1  | Entered Level 1 of the Crypt
 24381 | Crypt:2  | Noticed an ancient lich
 24391 | Crypt:1  | Killed an ancient lich
 24451 | Crypt:1  | Reached skill level 21 in Unarmed Combat
 24604 | Crypt:3  | Entered Level 3 of the Crypt
 24885 | Crypt:3  | Found an ancient bone altar of Kikubaaqudgha.
 24887 | Crypt:3  | Noticed an ancient lich
 24891 | Crypt:3  | Killed an ancient lich
 25026 | Crypt:3  | Found a staircase to the Tomb.
 25039 | Crypt:3  | Identified the ring of Qeerelom {rN+ MR+} (You found it on level 3 of the Crypt)
 25040 | Crypt:3  | Identified the ring "Fotz" {rN+ Int+3 Dex+3} (You found it on level 3 of the Crypt)
 25044 | Tomb:1   | Entered Level 1 of the Tomb of the Ancients
 25110 | Tomb:1   | Reached XP level 24. HP: 126/126 MP: 37/37
 25133 | Tomb:1   | Noticed a greater mummy
 25149 | Tomb:1   | Killed a greater mummy
 25160 | Tomb:1   | Reached skill level 15 in Invocations
 25203 | Tomb:1   | Noticed a greater mummy
 25218 | Tomb:1   | Killed a greater mummy
 25434 | Tomb:2   | Noticed a greater mummy
 25442 | Tomb:2   | Noticed a greater mummy
 25442 | Tomb:2   | Noticed a greater mummy
 25445 | Tomb:2   | Killed a greater mummy
 25542 | Tomb:3   | Entered Level 3 of the Tomb of the Ancients
 25565 | Tomb:3   | Noticed a greater mummy
 25575 | Tomb:3   | Noticed a greater mummy
 25592 | Tomb:3   | Noticed a greater mummy
 25597 | Tomb:3   | Noticed a greater mummy
 25600 | Tomb:3   | Noticed Khufu
 25605 | Tomb:3   | Got a golden rune of Zot
 25606 | Tomb:3   | Noticed a greater mummy
 25606 | Tomb:3   | HP: 5/163 [death scarab (9)]
 25607 | Tomb:3   | murphy: :/
 25608 | Tomb:3   | Noticed a greater mummy
 25608 | Tomb:3   | Noticed an ancient lich
 25612 | Tomb:2   | murphy: puh
 25613 | Tomb:2   | murphy: insane
 25616 | Tomb:2   | murphy: u even got the rune
 25624 | Tomb:2   | murphy: nice
 25695 | Tomb:1   | 4thArraOfDagon: :)
 25715 | Tomb:1   | murphy: how is your turncount?
 25752 | Crypt:3  | 4thArraOfDagon: %quite bad
 25752 | Crypt:3  | 4thArraOfDagon: but whatever
 25792 | Crypt:3  | murphy: u going for the highest scoring run in this tourney?
 25803 | Crypt:2  | 4thArraOfDagon: naa
 25803 | Crypt:2  | 4thArraOfDagon: just casual game
 25803 | Crypt:2  | murphy: oh and this is also a Nemelex choice
 25803 | Crypt:2  | murphy: nice
 25803 | Crypt:2  | 4thArraOfDagon: i want to just win nemelex
 25803 | Crypt:2  | murphy: yeah cool
 25803 | Crypt:2  | 4thArraOfDagon: an continue streak of bad ~30-40k turncounts
 25821 | Crypt:1  | 4thArraOfDagon: this might giv some points?
 25855 | Vaults:3 | murphy: yes it certainly will
 25872 | Vaults:3 | murphy: it also gives us asome banners
 26019 | Vaults:2 | murphy: how many runes now
 26024 | Vaults:1 | murphy: ?
 26024 | Vaults:1 | murphy: 4?
 26024 | Vaults:1 | 4thArraOfDagon: 5
 26044 | Vaults:1 | murphy: abyss too?
 26044 | Vaults:1 | murphy: or silver rune?
 26044 | Vaults:1 | 4thArraOfDagon: no, pan,abyss, hell left
 26058 | D:13     | murphy: i see
 26101 | D:14     | You fall through a shaft!
 26146 | D:15     | Found a staircase to the Depths.
 26154 | Depths:1 | Entered Level 1 of the Depths
 26202 | Depths:1 | Reached skill level 22 in Unarmed Combat
 26229 | Depths:2 | murphy: if u stay below 35 k turns this run might have a chance to be in the top 3 highscore runs
 26270 | Depths:2 | 4thArraOfDagon: naa
 26270 | Depths:2 | 4thArraOfDagon: im quit sure there will some desperate
 26270 | Depths:2 | 4thArraOfDagon: who will mash this into sub30k
 26270 | Depths:2 | 4thArraOfDagon: with 0.0001 winratio
 26273 | Depths:2 | murphy: not sure
 26320 | Depths:2 | murphy: there is a lot of changes in this version comapred to the last one
 26339 | Depths:2 | murphy: for example no tele wand
 26342 | Depths:2 | murphy: and stuff
 26379 | Depths:2 | murphy: and it seems charly and purplered not playing
 26384 | Depths:2 | Reached XP level 25. HP: 131/131 MP: 33/37
 26391 | Depths:2 | Found a corrupted altar of Lugonu.
 26391 | Depths:2 | Found a one-way gate to the infinite horrors of the Abyss.
 26468 | Depths:3 | Found a gateway to Hell.
 26512 | Depths:3 | Found a gateway to a ziggurat.
 26532 | Zig:1    | Entered Level 1 of a ziggurat
 26539 | Zig:1    | Identified the +1 cloak of Heresy {*Drain rC+ rCorr} (You found it on level 1 of a ziggurat)
 26542 | Zig:1    | murphy: hi varapani
 26553 | Zig:1    | Vajrapani: hey
 26555 | Zig:2    | Entered Level 2 of a ziggurat
 26568 | Zig:3    | Entered Level 3 of a ziggurat
 26568 | Zig:3    | Noticed a Killer Klown
 26570 | Zig:3    | murphy: u missed 4thArra taking the golden rune
 26578 | Zig:3    | murphy: it was insane
 26587 | Zig:3    | Killed a Killer Klown
 26590 | Zig:3    | Vajrapani: damn, just woke up
 26594 | Zig:4    | Entered Level 4 of a ziggurat
 26595 | Zig:4    | Noticed a shard shrike
 26601 | Zig:4    | murphy: i tought he was dead
 26604 | Zig:4    | Killed a shard shrike
 26616 | Zig:4    | murphy: but he escaped and even got the rune
 26618 | Zig:5    | Entered Level 5 of a ziggurat
 26619 | Zig:5    | Noticed a Killer Klown
 26630 | Zig:5    | Killed a Killer Klown
 26657 | Zig:5    | Learned a level 3 spell: Regeneration
 26658 | Zig:6    | Entered Level 6 of a ziggurat
 26674 | Zig:6    | murphy: did u notice any difference in UC statue form dmg, 4thArra?
 26681 | Zig:6    | murphy: i heard it got nerved
 26696 | Zig:7    | Entered Level 7 of a ziggurat
 26703 | Zig:7    | Noticed Sale the pandemonium lord
 26708 | Zig:7    | Killed Sale the pandemonium lord
 26709 | Zig:7    | Noticed a Killer Klown
 26719 | Zig:7    | Killed a Killer Klown
 26746 | Zig:7    | Identified Veky's Volume of Hexes and the Escort
 26750 | Zig:8    | Entered Level 8 of a ziggurat
 26760 | Zig:8    | Noticed Unadacat the pandemonium lord
 26777 | Zig:8    | Killed Unadacat the pandemonium lord
 26787 | Zig:8    | HP: 5/171 [deep troll[a shadow demon] (18)]
 26787 | Zig:8    | grindst0ne: oh fuck
 26822 | Depths:3 | grindst0ne: wp
 26863 | Depths:3 | murphy: i think i head this vault yesterday
 26897 | Depths:3 | murphy: i remember 6 caustic shrieks in the middle
 26914 | Depths:3 | murphy: but maybe it is something else
 26962 | Depths:3 | Reached skill level 1 in Evocations
 27085 | Depths:3 | Noticed a juggernaut
 27089 | Depths:3 | murphy: yes
 27097 | Depths:3 | murphy: this is the same vault
 27097 | Depths:3 | Killed a juggernaut
 27106 | Depths:3 | murphy: the juggernaut too
 27138 | Depths:3 | Reached skill level 23 in Unarmed Combat
 27180 | Depths:3 | Reached XP level 26. HP: 130/138 MP: 37/37
 27185 | Depths:3 | grindst0ne: shrikes are horrible~!
 27203 | Depths:3 | murphy: &dump 4thArraofDagon
 27204 | Depths:3 | Noticed a juggernaut
 27205 | Depths:3 | beem: http://CRAWL.XTAHUA.COM/crawl/morgue/4thArraOfDagon/4thArraOfDagon.txt
 27212 | Depths:3 | Killed a juggernaut
 27212 | Depths:3 | Reached skill level 5 in Evocations
 27390 | Depths:3 | murphy: way better solved then my char
 27528 | Depths:2 | murphy: good luck
 27598 | Depths:3 | 4thArraOfDagon: you too
 27728 | Depths:3 | Found a one-way gate leading to the halls of Pandemonium.
 27737 | Pan      | Entered Pandemonium
 27856 | Pan      | Reached skill level 5 in Stealth
 27871 | Pan      | Noticed Kod Xebb the pandemonium lord
 27897 | Pan      | Killed Kod Xebb the pandemonium lord
 27903 | Pan      | Noticed Weath the pandemonium lord
 27928 | Pan      | Killed Weath the pandemonium lord
 27975 | Pan      | Noticed Baethufi the pandemonium lord
 27994 | Pan      | Killed Baethufi the pandemonium lord
 27997 | Pan      | Reached skill level 15 in Fighting
 28022 | Pan      | Reached skill level 15 in Dodging
 28210 | Pan      | Reached XP level 27. HP: 144/144 MP: 37/37
 28230 | Pan      | Reached skill level 10 in Stealth
 28376 | Pan      | Found a glowing golden altar of the Shining One.
 28376 | Pan      | Noticed a seraph
 28410 | Pan      | Killed a seraph
 28454 | Pan      | Identified the Catalogue of the Ensnaring Birds
 28455 | Pan      | Got a demonic rune of Zot
 28467 | Pan      | Learned a level 6 spell: Deflect Missiles
 28654 | Pan      | Noticed Zoloa the pandemonium lord
 28739 | Pan      | Gained mutation: You are clumsy. (Dex -2) [a neqoxec]
 28739 | Pan      | Gained mutation: Scrolls take you a little longer to read. [a neqoxec]
 28750 | Pan      | Killed Zoloa the pandemonium lord
 28750 | Pan      | Reached skill level 15 in Stealth
 28855 | Pan      | Identified the Incunabulum of Toxic Heat
 29000 | Pan      | Noticed Oxiug the pandemonium lord
 29013 | Pan      | Killed Oxiug the pandemonium lord
 29187 | Pan      | Found an exit through the horrors of the Abyss.
 29200 | Pan      | Took an exit into the Abyss.
 29200 | Abyss:1  | Escaped into the Abyss
 29474 | Abyss:3  | Identified the +2 ring mail "Pega" {rF+} (You found it on level 3 of the Abyss)
 29592 | Abyss:4  | Found a corrupted altar of Lugonu.
 29623 | Abyss:4  | Found a corrupted altar of Lugonu.
 29734 | Abyss:4  | Got an abyssal rune of Zot
 29740 | Abyss:4  | Paralysed by accursed screaming for 1 turns
 29746 | Abyss:4  | Paralysed by accursed screaming for 2 turns
 29749 | Depths:3 | Escaped the Abyss
 29752 | Pan      | Entered Pandemonium
 29986 | Pan      | Found a huge runed gate.
 30045 | Pan      | Noticed Rutip the pandemonium lord
 30070 | Pan      | Killed Rutip the pandemonium lord
 30100 | Pan      | Entered the realm of Lom Lobon.
 30420 | Pan      | Noticed Lom Lobon
 30447 | Pan      | Killed Lom Lobon
 30477 | Pan      | Got a magical rune of Zot
 30662 | Pan      | Noticed Maliq the pandemonium lord
 30671 | Pan      | Killed Maliq the pandemonium lord
 30715 | Pan      | Found an exit through the horrors of the Abyss.
 30724 | Pan      | Took an exit into the Abyss.
 30724 | Abyss:1  | Escaped into the Abyss
 30728 | Abyss:1  | Found a corrupted altar of Lugonu.
 30746 | Depths:3 | Escaped the Abyss
 30748 | Pan      | Entered the realm of Mnoleg.
 30748 | Pan      | Entered Pandemonium
 30757 | Pan      | Found an exit through the horrors of the Abyss.
 30974 | Pan      | Noticed Mnoleg
 31003 | Pan      | Paralysed by a floating eye for 4 turns
 31010 | Pan      | Killed Mnoleg
 31042 | Pan      | Got a glowing rune of Zot
 31180 | Pan      | Found an exit through the horrors of the Abyss.
 31190 | Pan      | Took an exit into the Abyss.
 31190 | Abyss:1  | Escaped into the Abyss
 31208 | Depths:3 | Escaped the Abyss
 31210 | Pan      | Entered Pandemonium
 31336 | Pan      | Found an ancient bone altar of Kikubaaqudgha.
 31468 | Pan      | Entered the realm of Gloorx Vloq.
 31528 | Pan      | Identified the +0 leather armour "Ciczug" {rF+ Str+2 SInv} (You found it in Pandemonium)
 31607 | Pan      | Noticed Gloorx Vloq
 31620 | Pan      | HP: 9/193 [Executioner (6)]
 31620 | Pan      | Slain by an Executioner

Skill      XL: |  1  2  3  4  5  6  7  8  9 10 11 12 13 14 15 16 17 18 19 20 21 22 23 24 25 26 27 |
---------------+----------------------------------------------------------------------------------+-----
Unarmed Combat | 1 2 3 5 7 10 13 16 17 19 20 21 22 23 | 23.1
Earth Magic    | 4 5 6 7 9 11 | 11.1
Dodging        | 2 3 4 5 7 8 10 11 12 13 14 15 | 15.0
Fighting       | 1 2 4 5 7 9 10 11 12 13 14 15 16 | 16.7
Invocations    | 1 2 4 5 7 8 9 11 13 14 17 18 19 | 19.7
Shields        | 2 4 10 12 14 | 14.0
Spellcasting   | 4 6 8 9 |  9.1
Armour         | 8 9 |  9.3
Transmutations | 5 10 | 10.0
Translocations | 1 3 |  3.8
Hexes          | 4 7 |  7.8
Air Magic      | 5 8 |  8.1
Evocations     | 4 8 |  8.1
Stealth        | 9 21 | 21.0

Action                   |  1- 3 |  4- 6 |  7- 9 | 10-12 | 13-15 | 16-18 | 19-21 | 22-24 | 25-27 || total
-------------------------+-------+-------+-------+-------+-------+-------+-------+-------+-------++-------
Melee: Unarmed           |    23 |       |   181 |   832 |  1751 |  1697 |  1016 |   946 |  1482 ||  7928
       Bite              |    19 |     6 |   128 |   274 |   600 |   577 |   406 |   384 |   563 ||  2957
       Falchion          |    26 |    27 |   207 |       |       |       |       |       |       ||   260
       Punch             |       |       |     1 |       |       |    42 |    48 |       |       ||    91
       Kick              |       |       |       |       |       |    35 |   342 |   378 |   543 ||  1298
       Quarterstaff      |       |       |       |       |       |     1 |     2 |       |       ||     3
 Cast: Sandblast         |    23 |    33 |    58 |    10 |       |       |       |       |       ||   124
       Statue Form       |       |       |       |       |       |     5 |    33 |    35 |    55 ||   128
       Apportation       |       |       |       |       |       |       |     1 |    22 |    53 ||    76
       Silence           |       |       |       |       |       |       |       |     9 |       ||     9
       Passage of Golubr |       |       |       |       |       |       |       |    19 |    16 ||    35
       Passwall          |       |       |       |       |       |       |       |       |     3 ||     3
Invok: Lesser Servant of |       |       |       |     9 |    19 |    22 |     6 |     2 |     1 ||    59
       Greater Servant o |       |       |       |       |     1 |     2 |       |     4 |    10 ||    17
 Abil: End Transformatio |       |       |       |       |       |       |     3 |     1 |     5 ||     9
Evoke: Box of beasts     |       |       |       |       |       |       |     1 |       |       ||     1
       Wand              |       |       |       |       |       |       |       |       |     1 ||     1
  Use: Scroll            |       |     1 |    10 |     7 |    13 |    19 |     8 |    16 |    14 ||    88
       Potion            |       |       |       |       |     1 |     4 |     8 |     2 |    10 ||    25
 Stab: Sleeping          |     1 |       |     9 |     2 |     8 |       |     1 |     2 |     1 ||    24
       Distracted        |       |       |       |     3 |    10 |     5 |     1 |       |     6 ||    25
       Confused          |       |       |       |       |     1 |       |       |       |       ||     1
  Eat: Chunk             |       |     2 |     7 |    18 |    16 |    17 |     3 |     1 |     2 ||    66
       Royal jelly       |       |       |     5 |       |     2 |     2 |     2 |     1 |     3 ||    15
       Fruit             |       |       |     3 |     3 |     1 |     2 |     3 |     2 |     8 ||    22
       Meat ration       |       |       |       |       |       |       |     4 |     5 |     4 ||    13
       Bread ration      |       |       |       |       |       |       |       |       |     2 ||     2
Armor: Robe              |     8 |       |       |       |       |       |       |       |       ||     8
       Ring mail         |     5 |    23 |   199 |   290 |   491 |    63 |       |       |       ||  1071
       Chain mail        |       |       |       |    26 |       |       |       |       |       ||    26
       Plate armour      |       |       |       |       |       |   428 |       |       |       ||   428
       Skin              |       |       |       |       |       |    82 |   576 |   438 |   607 ||  1703
       Leather armour    |       |       |       |       |       |    55 |    22 |     9 |     9 ||    95
Dodge: Dodged            |    31 |    31 |   287 |   296 |   902 |   617 |  1280 |  1206 |  1238 ||  5888
Block: Buckler           |       |       |    71 |   244 |   515 |   126 |       |       |       ||   956
       Large shield      |       |       |       |       |       |    49 |       |       |       ||    49
       Shield            |       |       |       |       |       |   197 |   527 |  1223 |  1580 ||  3527
       Reflection        |       |       |       |       |       |    13 |     1 |       |       ||    14
       Rpst.: Falchion   |     7 |    10 |    51 |       |       |       |       |       |       ||    68
